 Dungeon Crawl Stone Soup version 0.29.1-4-g47bece8355 (webtiles) character file.

Game seed: 5028506395075610138

239 hawla the Gusty (level 6, 0/64 (67) HPs)
             Began as a Meteoran Air Elementalist on Dec 4, 2022.
             Killed by their own static electricity (2 damage)
             ... on level 4 of the Dungeon.
             The game lasted 00:06:20 (632 turns).

hawla the Gusty (Meteoran Air Elementalist)          Turns: 632, Time: 00:06:21

HP:   0/64 (67)     AC: 23    Str:  9    XL:     6   Next: 55%
MP:   0/12          EV:  2    Int: 20    God:
Gold: 105           SH:  0    Dex: 14    Spells: 1/12 levels left

rFire   . . .      SeeInvis .   (no weapon)
rCold   . . .      Faith    .   (no shield)
rNeg    . . .      Spirit   .   (body armour currently unavailable)
rPois   +          Reflect  .   (helmet currently unavailable)
rElec   .          Harm     .   (cloak currently unavailable)
rCorr   .          Rampage  .   (gloves currently unavailable)
Will    .....      NoTele   +   (boots currently unavailable)
Stlth   +.........              (no amulet)
HPRegen 0.20/turn               (no ring)
MPRegen 0.13/turn               (no ring)

@: tree-form, hasted, glowing, lightly drained, very quick
A: stationary, stasis, torment immunity, boosted hp, sense surroundings 1,
otherworldly, glowing, explore regen
a: no special abilities


You were on level 4 of the Dungeon.
You were a tree.
You visited 1 branch of the dungeon, and saw 4 of its levels.

You collected 105 gold pieces.

Inventory:

Armour
 a - a +0 robe (melded)
 i - a +0 cloak (melded)
 j - a +0 pair of boots (melded)
Potions
 g - a potion of lignification
 k - a potion of berserk rage {unknown}
 l - a potion of might {unknown}


   Skills:
 - Level 0.1 Fighting
 - Level 2.8 Dodging
 - Level 1.4 Stealth
 - Level 3.6 Spellcasting
 - Level 2.0 Conjurations
 - Level 6.0 Air Magic
 + Level 3.5 Poison Magic


You had one spell level left.
You knew the following spells:

 Your Spells              Type           Power      Damage    Failure   Level
a - Shock                 Conj/Air       76%        1d7       2%          1
b - Static Discharge      Conj/Air       19%        3-6/arc   3%          2
c - Airstrike             Air            13%        2d(2-18)  11%         4
d - Olgreb's Toxic Radia  Pois           17%        N/A       30%         4

Your spell library contained the following spells:

 Spells                   Type           Power      Damage    Failure   Level
 Sting                    Tmut/Pois      40%        1d5       7%          1
 Poisonous Vapours        Pois/Air       44%        N/A       2%          2
 Swiftness                Air            27%        N/A       3%          3
 Gell's Gravitas          Tloc           3%         N/A       38%         3
 Lesser Beckoning         Tloc           3%         N/A       38%         3
 Teleport Other           Tloc           3%         N/A       38%         3


Dungeon Overview and Level Annotations

Branches:
Dungeon (4/15) Zot: 1768
 Temple: D:4-7

Altars:
Dithmenos
Ru
The Shining One

Annotations:
D:3 Terence


Innate Abilities, Weirdness & Mutations

You are a tree.
Your roots penetrate the ground, keeping you stationary.
You cannot be teleported.
You are immune to unholy pain and torment.
Your maximum health is greatly increased.
Your equipment is partially melded.
You passively map a small area around you.
You are easily found by Zot.
You glow in the dark.
You regain HP and MP as you explore.


Message History

You feel clever.
Casting: Static Discharge (safe; 3% risk of failure)
Confirm with . or Enter, or press ? or * to list all spells.
The wight is struck by an arc of lightning.
You destroy the wight!
The wight is struck by an arc of lightning!
The wight is severely damaged.
Your magical contamination has completely faded away.
Your Poison Magic skill increases to level 3!
It was a potion of lignification.
You turn into a tree.
Your +0 cloak melds into your body.
Your +0 pair of boots melds into your body.
Your +0 robe melds into your body.
Your roots penetrate the ground.
The jackal bites you but does no damage.
The wight hits you but does no damage.
You barely miss the wight.
The wight is severely damaged.
The jackal bites you but does no damage.
The wight hits you with a +3 long sword!
* * * LOW HITPOINT WARNING * * *
You feel drained.
* * * LOW HITPOINT WARNING * * *
The jackal bites you but does no damage.
It was a potion of haste.
You feel yourself speed up. The jackal barely misses you.
The wight hits you but does no damage.
Casting: Static Discharge (safe; 3% risk of failure)
Confirm with . or Enter, or press ? or * to list all spells.
The wight is struck by an arc of lightning.
The wight is almost destroyed.
You are struck by an arc of lightning.
* * * LOW HITPOINT WARNING * * *
The wight is struck by an arc of lightning.
You destroy the wight!
You are struck by an arc of lightning.
* * * LOW HITPOINT WARNING * * *
The lightning grounds out.
The jackal is struck by an arc of lightning.
You kill the jackal!
You are struck by an arc of lightning.
You die...

#....................
*
#.#.#.#.#...........#
,
,#.#.#.#.#####...#*###
, #.#...#.# * ... , *
*, #.#...#.# .# * *
#.#.....# ,#
#.###.......# * *
#........#.## * , ,
########♣..# ,
#.....))###* ,
#.####### * ,, , ,, *
,, , , * ,, * * ** , ,
*,* * ,* *


There were no monsters in sight!

Vanquished Creatures
  3 wights (D:4)
  A jelly (D:4)
  3 adders
  5 gnolls
  5 orcs
  2 endoplasms
  A goblin (D:2)
  3 jackals (D:4)
  5 kobolds
  3 quokkas (D:3)
  2 frilled lizards
  4 rats
37 creatures vanquished.

Notes
Turn   | Place    | Note
-------+----------+-------------------------------------------
     0 | D:1      | hawla the Meteoran Air Elementalist began the quest for the
                  | Orb.
     0 | D:1      | Reached XP level 1. HP: 14/14 MP: 5/5
   126 | D:1      | Reached skill level 4 in Air Magic
   126 | D:1      | Reached XP level 2. HP: 11/20 MP: 1/6
   137 | D:1      | You fall into a shaft and drop 1 floor!
   158 | D:2      | Learned a level 2 spell: Static Discharge
   181 | D:2      | Reached XP level 3. HP: 26/26 MP: 5/8
   231 | D:3      | Found a shadowy altar of Dithmenos.
   282 | D:3      | Reached XP level 4. HP: 21/33 MP: 2/9
   286 | D:3      | Reached skill level 5 in Air Magic
   321 | D:4      | Learned a level 4 spell: Airstrike
   382 | D:4      | Reached XP level 5. HP: 38/38 MP: 7/11
   473 | D:4      | Noticed a centaur
   481 | D:3      | Found a sacrificial altar of Ru.
   481 | D:3      | Found a glowing golden altar of the Shining One.
   541 | D:3      | Noticed Terence
   542 | D:3      | Reached skill level 6 in Air Magic
   605 | D:4      | Learned a level 4 spell: Olgreb's Toxic Radiance
   628 | D:4      | Reached XP level 6. HP: 10/45 MP: 4/12
   632 | D:4      | HP: 2/64 [/static electricity (3)]
   632 | D:4      | Killed from afar by themself

Illustrated notes

Levels and vault maps discovered:
D:1:      minmay_arrival_four_circles, layout_rooms
D:2:      layout_basic
D:3:      layout_rooms, grunt_dithmenos_smoke, nicolae_overflow_hidden_temple,
          shapermc_ecumenical_altar_acropolis, serial_shops,
          nicolae_square_shop, uniq_terence
D:4:      layout_loops_cross

Skill      XL: |  1  2  3  4  5  6 |
---------------+-------------------+-----
Air Magic      | 4 5 6 |  6.0
Spellcasting   | 3 |  3.6
Conjurations   | 2 |  2.0
Poison Magic   | 2 3 |  3.5
Fighting       | |  0.1
Dodging        | |  2.8
Stealth        | |  1.4

Action                   |  1- 3 |  4- 6 || total
-------------------------+-------+-------++-------
Melee: Unarmed           |       |     9 ||     9
 Cast: Shock             |    32 |    26 ||    58
       Static Discharge  |     4 |     9 ||    13
       Airstrike         |       |     3 ||     3
  Use: Scroll            |     1 |     2 ||     3
       Potion            |       |     6 ||     6
Armor: Robe              |     3 |     8 ||    11
       Skin              |       |     5 ||     5
Dodge: Dodged            |     4 |    27 ||    31
